 Dungeon Crawl Stone Soup version 0.19-a0-1821-g42c593c (webtiles) character file.

344 Atkozott the Chucker (level 6, -2/66 HPs)
             Began as an Ogre Hunter on Oct 6, 2016.
             Was an Initiate of Okawaru.
             Slain by an orc
             ... wielding a +0 whip
              (6 damage)
             ... on level 4 of the Dungeon.
             The game lasted 00:20:52 (6904 turns).

Atkozott the Chucker (Ogre Hunter)                  Turns: 6904, Time: 00:20:53

Health: -2/66      AC:  4    Str: 17 (20) XL:     6   Next: 58%
Magic:  6/6        EV: 10    Int: 12 (14) God:    Okawaru [......]
Gold:   176        SH:  0    Dex: 10      Spells: 0 memorised, 5 levels left

rFire  . . .     SeeInvis .     o - +0 mace
rCold  . . .     Gourm    .     b - +0 robe
rNeg   . . .     Faith    .     (no shield)
rPois  .         Spirit   .     (helmet restricted)
rElec  .         Dismiss  +     i - +0 cloak
rCorr  .         Reflect  .     (gloves unavailable)
MR     .....     Harm     .     (boots unavailable)
Stlth  +.........               c - amulet of dismissal
                                (no ring)
                                n - +4 ring of intelligence

@: no status effects
A: unfitting armour, tough skin 1
a: Renounce Religion


You were on level 4 of the Dungeon.
You worshipped Okawaru.
Okawaru was noncommittal.
You were not hungry.

You visited 1 branch of the dungeon, and saw 5 of its levels.

You collected 176 gold pieces.

Inventory:

Hand Weapons
 a - a +0 short sword
 g - a +0 club
 o - a +0 mace (weapon)
Missiles
 h - 55 stones
 p - 5 steel tomahawks
 u - 2 tomahawks (quivered)
Armour
 b - a +0 robe (worn)
 i - a +0 cloak (worn)
Jewellery
 c - an amulet of dismissal (around neck)
 n - a +4 ring of intelligence (left hand)
Wands
 l - a wand of confusion (25/48)
 s - a wand of flame (36/48)
Scrolls
 d - a scroll of remove curse {unknown}
 e - 4 scrolls of identify
 j - 2 scrolls of enchant armour
 m - a scroll of teleportation
Potions
 q - a potion of flight
Books
 r - a book of Maledictions

   Spells                             Type                      Level
   a - Corona                         Hexes                        1
   b - Ensorcelled Hibernation        Hexes/Ice                    2
   c - Confuse                        Hexes                        3
   d - Tukima's Dance                 Hexes                        3
   e - Dazzling Spray                 Conjuration/Hexes            3
Comestibles
 f - 2 bread rations


   Skills:
 * Level 5.0 Fighting
 * Level 4.7 Maces & Flails
 + Level 5.7 Throwing
 - Level 1.7 Dodging
 - Level 0.6 Stealth


You had 5 spell levels left.
You didn't know any spells.

Dungeon Overview and Level Annotations

Branches:
Dungeon (5/15)
 Temple: D:4-7

Altars:
Cheibriados
Elyvilon
Fedhas
Okawaru
Ru
Vehumet

Annotations:
D:2 Crazy Yiuf
D:3 Grinder
D:4 Eustachio, Menkaure


Innate Abilities, Weirdness & Mutations

You are too large for most types of armour.
You have tough skin. (AC +1)


Message History

Pain shoots through your body! The orc hits you but does no damage.
The orc closely misses you. The orc hits you but does no damage.
You sock the orc!
You kill the orc!
Okawaru accepts your kill. The orc priest hits you with a club.
The orc hits you but does no damage. The orc completely misses you.
The orc priest invokes the aid of Beogh against you.
Beogh smites you!
* * * LOW HITPOINT WARNING * * *
The orc hits you with a trident!
* * * LOW HITPOINT WARNING * * *
Things that are here:
a war axe; an orc corpse The orc hits you from afar with a trident.
* * * LOW HITPOINT WARNING * * *
The orc priest casts a cantrip, but nothing happens.
There is a stone staircase leading down here.
The orc hits you with a whip.
You die...

.## #.### #.#.##.#
.####.######## #.#....#
.#........(..###.###..#
.#.##.##.....##.......#
#..##........##.####..#
##...###.....##.####..#
#..#.###.....##.##....#
.#.......######.##.#..#
####.##..)..oo.o@.....#
#..[##.#.###.###.####
#.P.##.#.###.# #.#
#...#.....##.# #.#
##.###.#..##.###.#
#.###...........# #
##.##.#####.######
###...###...#.#
...._.....P...#


You could see an orc priest and 2 orcs.

Vanquished Creatures
  Ijyb (D:2)
  An iguana (D:4)
  3 worker ants (D:4)
  An orc wizard (D:2)
  Robin (D:2)
  5 adders
  An ooze (D:2)
  3 worms
  A dart slug (D:1)
  4 leopard geckos
  14 orcs
  3 bats
  5 giant cockroaches
  17 goblins
  9 hobgoblins
  7 jackals
  A quokka (D:2)
  13 frilled lizards
  13 kobolds
  A quokka skeleton (D:4)
  5 rats
109 creatures vanquished.

Notes
Turn   | Place    | Note
-------+----------+-------------------------------------------
     0 | D:1      | Atkozott the Ogre Hunter began the quest for the Orb.
     0 | D:1      | Reached XP level 1. HP: 22/22 MP: 1/1
   185 | D:1      | Reached XP level 2. HP: 27/29 MP: 2/2
   521 | D:1      | Reached skill level 1 in Maces & Flails
  1104 | D:1      | Reached XP level 3. HP: 27/37 MP: 3/3
  1306 | D:2      | Noticed Robin
  1893 | D:2      | Reached XP level 4. HP: 45/45 MP: 4/4
  1937 | D:2      | Noticed Ijyb
  1970 | D:2      | Killed Ijyb
  1970 | D:2      | Reached skill level 5 in Throwing
  2126 | D:2      | Found a runed door.
  2344 | D:2      | Killed Robin
  2523 | D:2      | Reached XP level 5. HP: 53/53 MP: 5/5
  2533 | D:2      | Found an iron altar of Okawaru.
  2545 | D:2      | Became a worshipper of Warmaster Okawaru
  3135 | D:2      | Noticed Crazy Yiuf
  4128 | D:3      | Found a snail-covered altar of Cheibriados.
  4469 | D:3      | Noticed Grinder
  4479 | D:3      | Paralysed by Grinder for 5 turns
  4504 | D:3      | Paralysed by Grinder for 2 turns
  4879 | D:3      | Reached XP level 6. HP: 52/62 MP: 6/6
  5112 | D:4      | Found a blossoming altar of Fedhas.
  5112 | D:4      | Found a sacrificial altar of Ru.
  5201 | D:4      | Found a white marble altar of Elyvilon.
  5522 | D:4      | Noticed Eustachio
  6123 | D:4      | Noticed Menkaure
  6481 | D:4      | Found a radiant altar of Vehumet.
  6547 | D:5      | Entered Level 5 of the Dungeon
  6559 | D:4      | Reached skill level 5 in Fighting
  6897 | D:4      | HP: 3/66 [orc/trident (1)]
  6904 | D:4      | Slain by an orc

Vault maps used:
D:1:      eino_arrival_water_cross
D:2:      old_standard_altar, first_bread, hangedman_decor_growths, uniq_iyjb,
          uniq_crazy_yiuf_cottage, uniq_robin
D:3:      cheibriados_altar_1, st_stairs_7, minmay_goblin_kobold_house,
          uniq_grinder
D:4:      eat_drink_and_be_merry_uskayaw, elyvilon_altar_1,
          kennysheep_little_box, gammafunk_temple_overflow_pools,
          uniq_eustachio, uniq_menkaure
D:5:      kennysheep_slugbush, lemuel_crystal_altar, bloody_trog, led_sif_book

Skill      XL: |  1  2  3  4  5  6 |
---------------+-------------------+-----
Maces & Flails | 1 2 3 4 |  4.7
Fighting       | 3 4 5 |  5.0
Throwing       | 5 |  5.7
Dodging        | |  1.7
Stealth        | |  0.6

Action                   |  1- 3 |  4- 6 || total
-------------------------+-------+-------++-------
Melee: Club              |    76 |    52 ||   128
       Short sword       |     3 |       ||     3
       Mace              |       |   187 ||   187
Throw: Large rock        |    33 |    23 ||    56
       Throwing net      |     5 |     2 ||     7
       Stone             |    50 |   117 ||   167
       Tomahawk          |       |    28 ||    28
  Use: Potion            |       |     7 ||     7
       Scroll            |       |     8 ||     8
 Stab: Sleeping          |     2 |       ||     2
  Eat: Chunk             |     2 |    14 ||    16
       Royal jelly       |       |     1 ||     1
       Beef jerky        |       |     1 ||     1
Armor: Robe              |    56 |    74 ||   130
Dodge: Dodged            |    88 |   141 ||   229
